Map: Orbital Shipyard

Players

LilDicky - Winner!

  • Race: Terran Terran
  • League: Diamond

WeltallFan

  • Race: Terran Terran
  • League: Diamond

VOD

http://www.twitch.tv/tumescentpie

Description

Time

  • Played on: Dec. 1, 2015, 10:37 a.m.
  • Length: 7:10
Show
View Real Time Build Order
Export as new Build Order

LilDicky Terran - Winner!

Build Orders: Mech 

Get SALT Encoding   

  12  0:01  SCV  
  13  0:13  SCV  
  14  0:18  Supply Depot  
  14  0:25  SCV  
  15  0:28  Refinery  
  15  0:39  SCV  
  16  0:45  Barracks  
  16  0:54  SCV  
  17  1:06  SCV  
  18  1:18  SCV  
  21  1:34  Reaper  
  21  1:36  Orbital Command  
  21  1:38  Supply Depot  
  20  1:51  Factory  
  20  1:54  Refinery  
  20  2:04  SCV  
  22  2:16  SCV  
  23  2:28  SCV  
  22  2:30  Marine  
  23  2:39  Command Center  
  23  2:42  Factory Tech Lab, Starport  
  23  2:50  SCV  
  23  2:51  Marine  
  25  3:02  SCV  
  25  3:03  Siege Tank  
  29  3:08  Supply Depot  
  29  3:19  SCV  
  30  3:22  Supply Depot  
  30  3:23  Barracks Reactor  
  30  3:30  Viking  
  32  3:36  SCV  
  33  3:55  SCV  
  33  3:58  Orbital Command  
  33  4:04  Widow Mine  
  33  4:06  Marine x2  
  33  4:08  Banshee, Cloaking Field  
  40  4:17  Engineering Bay  
  40  4:18  Supply Depot  
  40  4:24  SCV  
  41  4:26  SCV  
  42  4:32  Widow Mine  
  42  4:37  SCV  
  46  4:38  SCV  
  46  4:40  Marine x2  
  48  4:48  Supply Depot  
  48  4:55  Banshee  
  51  5:02  Marine x2  
  51  5:07  SCV x2  
  55  5:15  Command Center  
  55  5:19  SCV x2, Factory Tech Lab  
  57  5:25  Refinery  
  57  5:28  Refinery  
  57  5:31  SCV  
  58  6:01  Banshee  
  58  6:03  SCV, Siege Tank  
  65  6:08  SCV  
  66  6:15  SCV  
  66  6:17  Factory x2  
  64  6:27  SCV  
  64  6:32  Command Center  
  65  6:35  Siege Tank  
  65  6:36  SCV  
  65  6:39  SCV  
  67  6:48  SCV  
  68  6:57  SCV  
  68  6:58  SCV  
  75  7:01  Barracks Reactor  
  75  7:04  Starport  
Show
View Real Time Build Order
Export as new Build Order

WeltallFan Terran 

Build Orders:  

Get SALT Encoding   

  12  0:01  SCV  
  13  0:13  SCV  
  14  0:18  Supply Depot  
  14  0:25  SCV  
  15  0:40  SCV  
  16  0:43  Barracks  
  16  0:46  Refinery  
  16  0:52  SCV  
  17  1:04  SCV  
  18  1:16  SCV  
  19  1:30  Orbital Command  
  19  1:31  Barracks Reactor  
  19  1:42  Command Center  
  19  1:59  SCV  
  20  2:07  Marine  
  20  2:08  Marine  
  22  2:11  Factory  
  22  2:21  Bunker  
  22  2:28  Marine  
  23  2:36  Supply Depot  
  23  2:53  SCV, Marine x2  
  26  2:59  Orbital Command  
  26  3:05  Starport  
  26  3:06  SCV  
  26  3:11  Marine  
  28  3:18  SCV  
  29  3:22  Factory Tech Lab  
  28  3:42  Marine x2  
  28  3:45  SCV  
  30  3:48  Refinery  
  30  3:49  Supply Depot  
  30  3:52  SCV  
  31  3:57  SCV  
  31  3:59  Cyclone  
  35  4:04  SCV  
  36  4:10  SCV  
  36  4:15  Refinery  
  36  4:16  Refinery  
  37  4:19  Viking  
  39  4:26  Supply Depot  
  39  4:32  SCV x2  
  39  4:37  Command Center  
  41  4:39  Viking  
  41  4:44  SCV  
  44  4:55  Barracks Reactor  
  44  4:58  SCV  
  44  4:59  Factory  
  45  5:05  Hellion  
  47  5:07  SCV  
  48  5:21  Engineering Bay  
  48  5:22  Armory  
  48  5:26  Viking  
  48  5:59  Siege Tank  
  44  6:08  SCV x2  
  44  6:14  Hellion  
  44  6:15  Hellion  
  48  6:20  SCV x2  
  48  6:32  SCV, Hellion  
  48  6:33  SCV  
  47  6:40  Hellion  
Tags
 
Add a new tag
Caveats
  • Supply blocks, unpowered buildings, or Contaminate may cause inaccurate times.
  • Supply counts are checked every 10 seconds.